 Dungeon Crawl Stone Soup version 0.24.0-1-gfbc8707 (webtiles) character file.

Game seed: 9691614525218949743, levelgen mode: deterministic

189 BleediousPenious the Shield-Bearer (level 6, -7/47 HPs)
             Began as a Human Fighter on Jan 11, 2020.
             Mangled by Menkaure (14 damage)
             ... on level 4 of the Dungeon.
             The game lasted 00:07:06 (3353 turns).

BleediousPenious the Shield-Bearer (Human Fighter)  Turns: 3353, Time: 00:07:07

Health: -7/47      AC:  9    Str: 16    XL:     6   Next: 0%
Magic:  15/15      EV: 13    Int:  8    God:
Gold:   181        SH: 10    Dex: 20    Spells: 5/5 levels left

rFire    + . .     SeeInvis .   a - +0 long sword
rCold    + . .     Gourm    .   c - +0 shield
rNeg     . . .     Faith    .   b - +0 scale mail
rPois    +         Spirit   .   r - +1 helmet
rElec    +         Reflect  .   (no cloak)
rCorr    +         Harm     .   (no gloves)
MR       .....                  (no boots)
Stlth    +.........             (no amulet)
HPRegen  0.15/turn              k - ring of magical power
MPRegen  0.14/turn              h - ring of flight

@: agile, resistant, hasted, very quick
A: no striking features
a: Evoke Flight


You were on level 4 of the Dungeon.
You were not hungry.

You visited 1 branch of the dungeon, and saw 4 of its levels.

You collected 181 gold pieces.

Inventory:

Hand Weapons
 a - a +0 long sword (weapon)
Armour
 b - a +0 scale mail (worn)
 c - a +0 shield (worn)
 r - a +1 helmet (worn)
Jewellery
 h - a ring of flight (right hand)
 k - a ring of magical power (left hand)
Wands
 d - a wand of disintegration (11)
Scrolls
 e - 3 scrolls of identify
 n - 2 scrolls of amnesia
Potions
 g - a potion of curing
 i - a potion of haste
 j - a potion of cancellation
Comestibles
 f - 5 rations


   Skills:
 + Level 3.5 Fighting
 + Level 3.3 Long Blades
 + Level 3.8 Armour
 + Level 1.3 Dodging
 + Level 4.1 Shields


You had 5 spell levels left.
You didn't know any spells.
Your spell library was empty.

Dungeon Overview and Level Annotations

Branches:
Dungeon (4/15)
 Temple: D:4-7

Altars:
Dithmenos
Elyvilon
Gozag
Hepliaklqana
Trog
Vehumet

Annotations:
D:4 Menkaure


Message History

You slash Menkaure!
Menkaure is almost destroyed.
Menkaure calls on the powers of darkness!
Your body is wracked with pain!
Your shield prevents you from hitting Menkaure.
Menkaure is almost destroyed.
You block Menkaure's attack.
You hit Menkaure.
Menkaure is almost destroyed.
Menkaure calls on the powers of darkness!
Your body is wracked with pain!
* * * LOW HITPOINT WARNING * * *
You block Menkaure's attack.
You hit Menkaure but do no damage.
Menkaure is almost destroyed.
Menkaure gestures at you while chanting.
Pain shoots through your body!
* * * LOW HITPOINT WARNING * * *
You feel better. Menkaure hits you!
You die...

#.......# ..
#.......# ...
#....(..##...
#............
###.......... #
........... .#
#......######..#
#.M@.........#
.....#.###...###.#
### ...
##......###. ####
##.###.....
##....# #....#
##....###
##†........
##.#####.†........


You could see Menkaure.

Vanquished Creatures
  A bullfrog skeleton (D:4)
  A worker ant (D:4)
  6 adders
  2 oozes
  An adder skeleton (D:4)
  2 worms
  A dart slug (D:2)
  3 leopard geckos
  An orc (D:3)
  4 giant cockroaches
  6 goblins
  8 hobgoblins
  9 jackals
  2 quokkas (D:2)
  3 bats
  3 frilled lizards
  2 kobolds (D:1)
  9 rats
64 creatures vanquished.

Notes
Turn   | Place    | Note
-------+----------+-------------------------------------------
     0 | D:1      | BleediousPenious the Human Fighter began the quest for the
                  | Orb.
     0 | D:1      | Reached XP level 1. HP: 18/18 MP: 1/1
   364 | D:1      | Reached XP level 2. HP: 20/24 MP: 2/2
  1030 | D:2      | Reached XP level 3. HP: 27/29 MP: 3/3
  1121 | D:2      | Reached skill level 1 in Dodging
  1307 | D:2      | Reached XP level 4. HP: 15/35 MP: 4/4
  1493 | D:2      | Found a hazy altar of Hepliaklqana.
  1614 | D:2      | Found a shadowy altar of Dithmenos.
  2294 | D:3      | Found an opulent altar of Gozag.
  2325 | D:3      | Reached XP level 5. HP: 37/41 MP: 5/5
  2725 | D:4      | Reached skill level 4 in Shields
  2891 | D:4      | Found a radiant altar of Vehumet.
  2922 | D:4      | Found a bloodstained altar of Trog.
  2922 | D:4      | Found a white marble altar of Elyvilon.
  3233 | D:4      | Reached XP level 6. HP: 32/47 MP: 6/6
  3340 | D:4      | Noticed Menkaure
  3352 | D:4      | HP: 2/47 [Menkaure/nerve-wracking pain (8)]
  3353 | D:4      | Mangled by Menkaure

Levels and vault maps discovered:
D:1:      eino_arrival_cavern_a, layout_loops_corners, serial_forest,
          infiniplex_forest_lined_4_way, infiniplex_forest_clump_diagonal,
          infiniplex_forest_pool, infiniplex_forest_clump_long,
          infiniplex_forest_lined_4_way, infiniplex_forest_lined_3_way,
          roderic_roman_lattice
D:2:      layout_basic, marbit_many_paths, nicolae_overflow_crystal_walls
D:3:      layout_rooms, nicolae_gozag_seed_capital, first_ration,
          minmay_fountain_box
D:4:      layout_basic, nicolae_overflow_hidden_temple,
          amethyst_overflow_temple_binary, gammafunk_temple_overflow_statue,
          chequers_temple_overflow_statue_of_worship, uniq_menkaure,
          uniq_duvessa

Skill      XL: |  1  2  3  4  5 |
---------------+----------------+-----
Dodging        | 1 |  1.3
Long Blades    | 3 |  3.3
Shields        | 4 |  4.1
Fighting       | |  3.5
Armour         | |  3.8

Action                   |  1- 3 |  4- 6 || total
-------------------------+-------+-------++-------
Melee: Long sword        |   107 |   163 ||   270
  Use: Scroll            |     3 |     7 ||    10
       Potion            |     3 |     5 ||     8
  Eat: Chunk             |     1 |     4 ||     5
       Ration            |       |     1 ||     1
Armor: Scale mail        |    66 |    79 ||   145
Dodge: Dodged            |    27 |    54 ||    81
Block: Shield            |    59 |    82 ||   141
       Rpst.: Long sword |     8 |    16 ||    24
